 Dungeon Crawl Stone Soup version 0.28-a0-1638-g9123634e07 (webtiles) character file.

Game seed: 9315737413407847657

101 tunnels2 the Skirmisher (level 4, -1/44 HPs)
             Began as a Minotaur Berserker on Jan 25, 2022.
             Was a Believer of Trog.
             Slain by a gnoll (4 damage)
             ... on level 1 of the Dungeon.
             The game lasted 00:01:52 (1531 turns).

tunnels2 the Skirmisher (Minotaur Berserker)        Turns: 1531, Time: 00:01:52

Health: -1/44      AC:  2    Str: 23    XL:     4   Next: 48%
Magic:  3/3        EV: 12    Int:  4    God:    Trog [**....]
Gold:   105        SH:  0    Dex: 10    Spells: 3/3 levels left

rFire   . . .      SeeInvis .   a - +0 hand axe
rCold   . . .      Faith    .   (no shield)
rNeg    . . .      Spirit   .   b - +0 animal skin
rPois   .          Reflect  .   (helmet restricted)
rElec   .          Harm     .   (no cloak)
rCorr   .          Rampage  .   (no gloves)
Will    .....                   (no boots)
Stlth   +.........              (no amulet)
HPRegen 0.14/turn               (no ring)
MPRegen 0.08/turn               (no ring)

@: about to teleport
A: horns 2, retaliatory headbutt
a: Renounce Religion, Berserk, Trog's Hand


You were on level 1 of the Dungeon.
You worshipped Trog.
Trog was pleased with you.
You visited 1 branch of the dungeon, and saw 2 of its levels.

You collected 105 gold pieces.

Inventory:

Hand Weapons
 a - a +0 hand axe (weapon)
Armour
 b - a +0 animal skin (worn)
Scrolls
 d - a scroll of fear {unknown}
 e - a scroll of enchant armour
 i - a scroll of brand weapon {unknown}


   Skills:
 + Level 6.1 Fighting
 - Level 3.8 Axes
 - Level 2.5 Armour
 - Level 2.4 Dodging


You had 3 spell levels left.
You didn't know any spells.
Your spell library contained the following spells:

 Spells                   Type           Power      Damage    Failure   Level
 Gell's Gravitas          Tloc           0%         N/A       86%         3
 Teleport Other           Tloc           0%         N/A       86%         3
 Dispersal                Tloc           0%         N/A       100%        6


Dungeon Overview and Level Annotations

Branches:
Dungeon (2/15)

Altars:


Innate Abilities, Weirdness & Mutations

You have a pair of horns on your head.
You reflexively headbutt those who attack you in melee.


Message History

The gnoll is moderately wounded.
You hit the gnoll but do no damage. The gnoll hits you with a +0 spear!
* * * LOW HITPOINT WARNING * * *
The gnoll hits you with a +0 whip.
* * * LOW HITPOINT WARNING * * *
It was a potion of curing.
You feel better. The gnoll misses you. You furiously retaliate!
You headbutt the gnoll, but do no damage.
The gnoll closely misses you.
As you read the scroll labelled IDISTUR JAOLA, it crumbles to dust.
A profound silence engulfs you.
It was a scroll of silence.
The gnoll hits you with a +0 spear.
* * * LOW HITPOINT WARNING * * *
The gnoll closely misses you.
Magic scrolls do not work when you're silenced!
The gnoll hits you from afar with a +0 spear.
* * * LOW HITPOINT WARNING * * *
The gnoll misses you. You furiously retaliate!
You headbutt the gnoll, but do no damage.
There is a stone staircase leading up here.
The gnoll closely misses you.
You climb upwards.
There is a stone staircase leading down here.
Your hearing returns.
The gnoll hits you with a +0 whip.
* * * LOW HITPOINT WARNING * * *
You see here a +0 leather armour.
As you read the scroll labelled ARCHUI FESI, it crumbles to dust.
It is a scroll of identify.
e - a scroll of enchant armour
As you read the scroll labelled RUIPIDGHEOG, it crumbles to dust.
The scroll dissolves into smoke.
It was a scroll of fog.
The gnoll barely misses you. You furiously retaliate!
You headbutt the gnoll, but do no damage.
As you read the scroll labelled TOTHRU EDWAT, it crumbles to dust.
You feel strangely unstable.
It was a scroll of teleportation.
The gnoll hits you with a +0 whip!
* * * LOW HITPOINT WARNING * * *
The gnoll hits you with a +0 whip.
You die...

#.......................
#.########...........###
#.# #................#
#.# #................#
#.###..............#####
#...+...................
#.###§§§§......###.####.
#.###§§§§§.........####.
#>[§§§g@§.............#.
############.......##...
#.......#....
#.......#....
#......(#.#..
#.......#....
#.......#.##.
#.......#.##. ##########
#########....


You could see a gnoll.

Vanquished Creatures
  Jessica (D:2)
  3 gnolls (D:2)
  An adder (D:2)
  A worm (D:2)
  A dart slug (D:1)
  An endoplasm (D:1)
  A giant cockroach (D:2)
  3 goblins
  A hobgoblin (D:1)
  4 jackals (D:2)
  4 quokkas
  3 ball pythons
  A bat (D:1)
  2 frilled lizards (D:2)
  4 kobolds
  5 rats
36 creatures vanquished.

Notes
Turn   | Place    | Note
-------+----------+-------------------------------------------
     0 | D:1      | tunnels2 the Minotaur Berserker began the quest for the
                  | Orb.
     0 | D:1      | Reached XP level 1. HP: 19/19 MP: 0/0
   320 | D:1      | Reached XP level 2. HP: 18/27 MP: 1/1
   488 | D:1      | Reached skill level 4 in Fighting
  1086 | D:2      | Noticed Jessica
  1090 | D:2      | Killed Jessica
  1091 | D:2      | Reached skill level 5 in Fighting
  1091 | D:2      | Reached XP level 3. HP: 36/36 MP: 2/2
  1096 | D:2      | Reached XP level 4. HP: 44/44 MP: 3/3
  1179 | D:2      | Found a faded altar of an unknown god.
  1229 | D:2      | Reached skill level 6 in Fighting
  1370 | D:2      | Reached ** piety under Trog
  1529 | D:1      | HP: 2/44 [gnoll (9)]
  1531 | D:1      | Slain by a gnoll

Illustrated notes

Levels and vault maps discovered:
D:1:      onia_arrival_mini_spirals, layout_basic
D:2:      layout_basic, hellmonk_ecumenical_altar_arch_garden, uniq_jessica

Skill      XL: |  1  2  3  4 |
---------------+-------------+-----
Fighting       | 5 6 |  6.1
Axes           | |  3.8
Armour         | |  2.5
Dodging        | |  2.4

Action                   |  1- 3 |  4- 6 || total
-------------------------+-------+-------++-------
Melee: Hand axe          |    39 |    26 ||    65
       Headbutt          |     4 |     7 ||    11
Invok: Berserk           |     1 |       ||     1
  Use: Scroll            |       |     4 ||     4
       Potion            |       |     1 ||     1
 Stab: Sleeping          |       |     1 ||     1
Armor: Animal skin       |     3 |     8 ||    11
Dodge: Dodged            |    36 |    27 ||    63

Table legend: (Time is in decaauts)
 A = Elapsed time spent in this place.
 B = Non-inter-level travel time spent in this place.
 C = Inter-level travel time spent in this place.
 D = Time resting spent in this place.
 E = Time spent auto-exploring this place.
 F = Levels seen in this place.
 G = Mean time per level.
                   A        B        C        D        E       F      G
               +--------+--------+--------+--------+--------+-----+--------+
         Total |   1550 |   1528 |     22 |      0 |   1265 |   2 |  775.0 |
       Dungeon |   1550 |   1528 |     22 |      0 |   1265 |   2 |  775.0 |
               +--------+--------+--------+--------+--------+-----+--------+

Top non-repeatable levels by time:
     D:1: 976 daAuts
     D:2: 574 daAuts
